Map: Dusk Towers

Players

FearLess

  • Race: Terran Terran
  • League: Diamond

hydra - Winner!

  • Race: Zerg Zerg
  • League: Master

Event: Polygon Gaming Invitational 3

VOD

Have the link to the VOD?

Description

Time

  • Played on: June 18, 2016, 2:14 p.m.
  • Length: 12:49

All games in this series

Show
View Real Time Build Order
Export as new Build Order

FearLess Terran 

Build Orders: Reaper Expand, MMM Bio, Banshee Rush 

Get SALT Encoding   

  12  0:00  SCV  
  13  0:13  SCV  
  14  0:17  Supply Depot  
  14  0:25  SCV  
  15  0:39  Barracks, SCV  
  16  0:43  Refinery  
  16  0:51  SCV  
  17  1:03  SCV  
  18  1:15  SCV  
  19  1:27  Reaper, Orbital Command  
  20  1:40  Command Center  
  20  1:53  SCV  
  21  1:59  Marine  
  22  2:02  Supply Depot  
  22  2:05  SCV  
  23  2:10  Factory  
  23  2:24  SCV  
  23  2:26  Barracks Reactor  
  24  2:36  SCV  
  25  2:39  Command Center  
  25  2:48  Refinery, SCV  
  26  2:59  Starport  
  26  3:00  SCV  
  26  3:01  Orbital Command  
  27  3:12  SCV  
  28  3:14  Hellion  
  28  3:16  Hellion  
  28  3:17  Barracks Tech Lab  
  32  3:24  SCV  
  33  3:27  SCV  
  34  3:36  SCV  
  34  3:42  Hellion x2  
  34  3:43  SCV  
  34  3:45  Banshee  
  34  3:48  Cloaking Field  
  42  3:49  Marine  
  42  3:51  SCV  
  44  3:56  Orbital Command  
  44  3:58  SCV  
  45  4:03  SCV  
  46  4:10  SCV  
  46  4:16  Barracks, Factory Tech Lab  
  48  4:17  Barracks, SCV  
  48  4:19  Orbital Command  
  48  4:22  SCV  
  49  4:29  Supply Depot, SCV  
  49  4:30  Marine, Banshee  
  49  4:31  Marine  
  55  4:34  SCV  
  55  4:36  Refinery  
  55  4:37  Refinery  
  56  4:41  SCV  
  56  4:44  SCV  
  58  4:46  SCV  
  58  4:48  Marine  
  58  4:51  Siege Tank  
  63  4:54  Supply Depot, SCV  
  63  4:55  Supply Depot  
  64  5:04  Engineering Bay x2  
  64  5:05  SCV  
  65  5:11  SCV  
  65  5:13  Marine x2  
  68  5:18  SCV  
  68  5:20  Barracks Tech Lab  
  66  5:23  Siege Tank, SCV x2  
  66  5:24  Starport Reactor  
  71  5:29  Marine  
  71  5:30  Marine, SCV  
  71  5:33  Bunker  
  71  5:34  Terran Infantry Weapons Level 1, Terran Infantry Armor Level 1  
  71  5:35  Marine, SCV  
  76  5:42  Supply Depot  
  76  5:43  SCV x2  
  76  5:45  Stimpack  
  76  5:47  Marauder  
  76  5:48  Marauder  
  82  5:56  Barracks  
  82  6:00  SCV x2  
  82  6:01  Barracks, SCV  
  82  6:03  Marine x2  
  84  6:08  Supply Depot  
  84  6:10  Supply Depot  
  84  6:12  Marauder x2, SCV x2  
  84  6:15  Medivac  
  92  6:21  Marine  
  92  6:25  Supply Depot x2  
  93  6:30  Medivac, Siege Tank, SCV x3  
  93  6:31  Supply Depot  
  101  6:34  Supply Depot  
  101  6:36  Marauder  
  101  6:37  Marauder  
  105  6:40  Marine x2  
  105  6:42  SCV x2  
  105  6:44  Barracks Reactor  
  105  6:47  Barracks Reactor, Medivac  
  111  6:49  SCV  
  112  6:54  SCV  
  112  6:56  Supply Depot  
  112  6:57  Supply Depot  
  113  7:03  Medivac  
  113  7:04  Marine x2, Marauder x2  
  121  7:08  SCV  
  121  7:10  Refinery x2, Armory  
  122  7:21  Supply Depot  
  122  7:22  Marine x2  
  124  7:25  Marauder  
  121  7:32  Marine x2, SCV x2  
  121  7:33  Siege Tank, Marine, Marauder  
  121  7:34  Medivac  
  129  7:37  SCV  
  130  7:46  Command Center  
  130  7:47  Marauder  
  132  7:52  Marine x4  
  132  7:53  Marine x2  
  132  7:54  Marauder  
  140  7:59  Barracks x2, Terran Infantry Weapons Level 2  
  139  8:08  Marauder  
  139  8:10  Marine x2  
  143  8:14  Marine  
  143  8:15  Marine, Marauder  
  147  8:26  Marine x2  
  133  8:30  Marine, Marauder  
  134  8:36  Marine x2  
  134  8:37  Marine, Marauder  
  134  8:38  Medivac x2, Siege Tank  
  139  8:43  Barracks  
  139  8:44  Marine  
  139  8:45  Barracks  
  139  8:46  Starport  
  139  8:51  Marauder  
  139  8:53  Terran Infantry Armor Level 2  
  139  8:55  Barracks Tech Lab x2, Liberator x2  
  141  8:58  Marauder  
  141  9:01  Ghost Academy  
  141  9:02  Supply Depot, Barracks  
  143  9:03  Barracks  
  143  9:05  Supply Depot, Marine x4  
  143  9:06  Marine x2  
  149  9:12  Marauder  
  149  9:15  Marauder  
  149  9:16  SCV x2  
  149  9:17  SCV  
  162  9:20  Marauder  
  162  9:23  Marine  
  165  9:27  Combat Shields  
  165  9:28  Concussive Shells  
  165  9:29  Marine  
  165  9:30  Marine  
  167  9:34  Marine x2, Marauder  
  167  9:35  Marine x3, Marauder  
  167  9:36  Planetary Fortress  
  167  9:37  Marauder, SCV x2  
  180  9:41  Marine, Marauder  
  183  9:50  Terran Ship Weapons Level 1  
  183  9:51  Refinery  
  183  9:55  Marauder, Ghost  
  183  9:57  Ghost  
  189  10:06  Liberator x2  
  189  10:14  Marine x3, Marauder  
  189  10:17  Marauder  
  176  10:24  Ghost  
  149  10:38  Ghost x2  
  101  10:53  SCV  
  101  10:55  Marine x2, Marauder  
  101  10:56  Marine x5, Marauder  
  108  11:02  SCV  
  108  11:03  SCV  
  110  11:05  SCV  
  110  11:07  Marine x2, Marauder, Ghost  
  110  11:08  Marine  
  118  11:13  Marine x2  
  118  11:14  SCV  
  118  11:15  SCV  
  118  11:16  Ghost x2  
  118  11:18  SCV  
  127  11:26  SCV  
  127  11:28  SCV  
  127  11:30  SCV  
  130  11:34  SCV  
  130  11:38  SCV, Ghost  
  130  11:39  Refinery  
  134  11:42  SCV  
  134  11:46  SCV  
  109  11:54  SCV  
  109  11:57  Ghost x2  
  101  12:07  Ghost  
  101  12:08  Marine x2, Ghost  
  93  12:21  Marine x5  
  93  12:22  Marine x2  
  91  12:26  Marine  
Show
View Real Time Build Order
Export as new Build Order

hydra Zerg - Winner!

Build Orders: Hatch First 

Get SALT Encoding   

  12  0:00  Drone  
  13  0:12  Overlord  
  13  0:17  Drone  
  14  0:30  Drone x2  
  14  0:34  Drone  
  17  0:51  Hatchery  
  17  0:54  Drone  
  17  0:57  Drone  
  18  1:06  Extractor  
  17  1:12  Spawning Pool  
  17  1:15  Drone  
  17  1:18  Drone  
  18  1:28  Drone  
  19  1:38  Overlord  
  19  1:58  Queen  
  19  1:59  Zergling x2  
  19  2:00  Zergling x2  
  23  2:03  Queen, Drone  
  23  2:05  Metabolic Boost  
  26  2:10  Drone  
  26  2:14  Drone  
  28  2:21  Drone  
  29  2:27  Drone  
  30  2:34  Queen  
  30  2:35  Drone  
  33  2:43  Pneumatized Carapace  
  32  2:44  Overlord  
  32  2:45  Drone  
  32  2:49  Drone  
  34  2:54  Drone  
  34  2:57  Overlord  
  35  3:06  Drone  
  35  3:07  Drone  
  35  3:08  Drone  
  35  3:09  Drone  
  35  3:10  Drone  
  40  3:13  Drone  
  40  3:14  Drone  
  40  3:18  Drone  
  43  3:32  Hatchery  
  42  3:38  Drone x2  
  42  3:39  Roach Warren  
  42  3:40  Drone  
  44  3:44  Lair  
  44  3:48  Drone  
  44  3:49  Overlord  
  44  3:53  Extractor  
  44  3:54  Extractor, Drone  
  44  3:56  Drone  
  44  3:58  Drone  
  44  4:01  Queen  
  48  4:04  Drone  
  48  4:06  Overlord  
  49  4:12  Drone  
  49  4:13  Drone  
  51  4:23  Zergling x16  
  59  4:32  Drone  
  59  4:33  Spore Crawler x2  
  59  4:37  Roach  
  60  4:46  Extractor, Queen  
  60  4:47  Drone x2  
  60  4:48  Drone  
  60  4:50  Overseer  
  64  4:54  Drone  
  64  4:57  Drone  
  64  4:58  Drone x2  
  68  5:01  Drone  
  68  5:02  Drone  
  68  5:03  Drone x3  
  68  5:05  Drone  
  74  5:13  Drone x2  
  73  5:18  Drone  
  73  5:20  Overlord x2  
  74  5:25  Overlord  
  74  5:30  Evolution Chamber  
  74  5:31  Evolution Chamber  
  74  5:33  Drone x2  
  74  5:38  Drone x2, Overseer  
  74  5:40  Drone  
  76  5:46  Drone x6  
  76  5:48  Glial Reconstitution  
  82  5:52  Extractor x2  
  82  5:54  Drone  
  80  6:04  Zerg Melee Weapons Level 1, Drone x2, Zerg Ground Armor Level 1  
  80  6:05  Drone x2  
  80  6:06  Drone x2  
  80  6:07  Roach  
  80  6:08  Roach  
  90  6:12  Roach x2  
  90  6:14  Roach  
  90  6:17  Overlord  
  96  6:19  Drone  
  96  6:24  Infestation Pit  
  96  6:26  Drone x2  
  96  6:31  Overlord  
  96  6:32  Overlord  
  98  6:39  Roach x3  
  104  6:42  Hatchery  
  103  6:49  Roach  
  103  6:52  Overlord x2  
  105  7:00  Infestor x3  
  110  7:02  Hive, Roach  
  110  7:03  Roach x3  
  110  7:06  Ravager x2  
  110  7:07  Ravager x2  
  122  7:12  Zergling x14  
  127  7:24  Drone x6  
  127  7:28  Drone  
  127  7:32  Drone  
  128  7:45  Drone x2  
  128  7:46  Drone x5  
  128  7:51  Zergling x6  
  138  7:56  Overlord x4  
  137  8:02  Spore Crawler  
  136  8:16  Ultralisk Cavern  
  136  8:17  Zerg Ground Armor Level 2, Zerg Melee Weapons Level 2  
  123  8:32  Infestor x2  
  125  8:35  Zergling x2  
  125  8:36  Zergling x2  
  125  8:37  Zergling x30  
  125  8:40  Extractor  
  140  8:43  Extractor  
  140  8:45  Extractor  
  140  8:47  Spawning Pool  
  136  8:50  Drone x2  
  136  8:52  Drone x3  
  136  8:53  Drone x3  
  144  9:04  Chitinous Plating  
  144  9:05  Ultralisk  
  144  9:06  Ultralisk  
  144  9:07  Hatchery  
  144  9:09  Drone  
  156  9:13  Drone  
  157  9:19  Overlord x2  
  157  9:23  Spire  
  157  9:24  Ultralisk  
  162  9:30  Ultralisk  
  166  9:36  Ultralisk  
  172  9:43  Spore Crawler  
  171  9:48  Drone x3  
  171  9:51  Ultralisk, Spine Crawler  
  179  9:53  Spore Crawler  
  179  9:59  Ultralisk  
  184  10:04  Ravager x8  
  175  10:40  Ultralisk x2  
  175  10:41  Ultralisk  
  161  10:51  Ultralisk x2  
  161  10:55  Zergling x16  
  175  11:00  Drone x5  
  178  11:08  Ultralisk  
  184  11:11  Ultralisk  
  184  11:12  Overlord  
  184  11:13  Zergling x6  
  184  11:14  Zergling x10  
  184  11:16  Extractor  
  198  11:18  Drone  
  198  11:20  Extractor, Spore Crawler  
  198  11:25  Drone x2  
  160  11:55  Ultralisk  
  160  11:56  Ultralisk  
  160  12:01  Zergling x28  
  160  12:02  Zergling x8  
  170  12:22  Drone  
  170  12:23  Drone x2  
Tags
 
Add a new tag
Caveats
  • Supply blocks, unpowered buildings, or Contaminate may cause inaccurate times.
  • Supply counts are checked every 10 seconds.